 Dungeon Crawl Stone Soup version 0.18-a0-1292-ge8ad84c (webtiles) character file.

19440 Duffy the Cruncher (level 12, 0/76 HPs)
             Began as a Tengu Gladiator on Feb 9, 2016.
             Was the Champion of Cheibriados.
             Slain by a komodo dragon (1 damage)
             ... on level 3 of the Lair of Beasts.
             The game lasted 00:30:43 (17728 turns).

Duffy the Cruncher (Tengu Gladiator)               Turns: 17728, Time: 00:30:43

Health: 0/76       AC: 14    Str: 33    XL:     12   Next: 69%
Magic:  19/19      EV:  2    Int: 24    God:    Cheibriados [******]
Gold:   891        SH:  0    Dex: 35    Spells: 1 memorised, 11 levels left

rFire  . . .     SeeInvis .     a - +5 lajatang of Qazlal's Supremacy {freeze, rElec Str+3}
rCold  . . .     Gourm    .     n - +4 steam dragon armour
rNeg   + + +     Faith    .     (shield currently unavailable)
rPois  ∞         Spirit   .     c - +0 hat
rElec  +         Dismiss  .     B - +2 cloak
rCorr  .         Reflect  .     k - +0 pair of gloves
SustAt .         Harm     .     (boots unavailable)
MR     .....                    i - amulet of magic regeneration
Stlth  +++.......               (no ring)
                                (no ring)

@: petrified, very slow, not resistant to hostile enchantments, fairly stealthy
A: beak, talons 3, able to fly 1
a: Fly, Bend Time, Temporal Distortion, Slouch, Step From Time, Renounce
Religion


You were on level 3 of the Lair of Beasts.
You worshipped Cheibriados.
Cheibriados was exalted by your worship.
You were not hungry.

You visited 3 branches of the dungeon, and saw 14 of its levels.
You also visited: Ossuary.

You collected 891 gold pieces.


Innate Abilities, Weirdness & Mutations

You have a beak for a mouth.
You have claws for feet.
You can fly.


   Skills:
 - Level 9.2 Fighting
 - Level 14.0 Staves
 - Level 2.0 Throwing
 - Level 3.4 Armour
 - Level 10.0 Dodging
 + Level 1.8 Spellcasting
 + Level 1.7 Charms
 + Level 2.4 Necromancy
 - Level 8.2 Invocations


You had 11 spell levels left.
You knew the following spells:

 Your Spells              Type           Power        Failure   Level  Hunger
a - Regeneration          Chrm/Necr      ##........   17%         3    ###....

Inventory:

Hand Weapons
 a - the +5 lajatang of Qazlal's Supremacy (weapon) {freeze, rElec Str+3}

   It has been specially enchanted to freeze those struck by it, causing extra
   injury to most foes and up to half again as much damage against particularly
   susceptible opponents.
   It can also slow down cold-blooded creatures.
   It affects your strength (+3).
   It insulates you from electricity.
 b - a +2 quarterstaff of crushing
 s - a +0 blowgun
Missiles
 d - 4 throwing nets (quivered)
 F - 4 curare-tipped needles
 X - 38 poisoned needles
Armour
 c - a +0 hat (worn)
 k - a +0 pair of gloves (worn)
 n - a +4 steam dragon armour (worn)
 B - a +2 cloak (worn)
Jewellery
 i - an amulet of magic regeneration (around neck)
 z - an uncursed ring of ice
 K - a -3 ring of strength
Wands
 t - a wand of disintegration (14/24)
 G - a wand of confusion (13/48)
 I - a wand of hasting (2/9)
 J - a wand of slowing (12/48)
 Q - a wand of confusion (15/48)
 T - a wand of paralysis (5/24)
 V - a wand of flame (27/48)
 W - a wand of flame (20/48)
Scrolls
 e - 8 scrolls of remove curse
 h - 5 scrolls of enchant weapon
 l - 5 scrolls of magic mapping
 m - 4 scrolls of blinking
 p - a scroll of immolation {unknown}
 r - 5 scrolls of teleportation
 w - a scroll of fear {unknown}
 A - a scroll of recharging {unknown}
 D - 2 scrolls of noise {unknown}
 L - a scroll of silence {unknown}
 S - 2 scrolls of vulnerability
 Z - a scroll of torment {unknown}
Potions
 g - 3 potions of flight
 j - a potion of heal wounds
 o - 8 potions of curing
 q - 2 potions of cure mutation
 x - 2 potions of brilliance
 E - a potion of agility
 O - a potion of ambrosia
 P - 2 potions of magic
 R - 5 potions of lignification
Comestibles
 f - 7 bread rations
 u - 3 meat rations
 v - 8 slices of pizza
 H - 5 royal jellies
 U - 2 beef jerkies

Dungeon Overview and Level Annotations

Branches:
Dungeon (10/15)            Temple (1/1) D:6            Lair (3/8) D:9
    Orc (0/2) D:10
  Swamp: Lair:3-6    Shoals: Lair:3-6     Snake: Lair:3-6    Spider: Lair:3-6

Altars:
Ashenzari
Cheibriados
Dithmenos
Elyvilon
Fedhas
Gozag
Kikubaaqudgha
Makhleb
Nemelex Xobeh
Okawaru
Pakellas
Qazlal
Ru
Sif Muna
Trog
Vehumet
Xom
Yredelemnul
Zin
The Shining One

Shops:
D:6 [   D:9 =


Message History

The centaur unwields an uncursed shortbow of freezing.
The centaur barely misses you. x2
The centaur unwields an uncursed shortbow of flaming.
It stops flaming.
The centaur hits you but does no damage. x2
You have turned to stone.
The centaur hits you.
The centaur hits you but does no damage. x2
The centaur hits you but does no damage. x2
The centaur barely misses you.
The centaur hits you but does no damage. x2
The centaur hits you but does no damage.
The centaur hits you. The komodo dragon bites you!
The centaur hits you but does no damage.
The centaur barely misses you. The centaur hits you.
The centaur barely misses you.
The centaur hits you but does no damage.
The komodo dragon bites you!! The centaur hits you.
The centaur barely misses you.
The centaur hits you but does no damage. x2
The komodo dragon bites you but does no damage.
The centaur hits you but does no damage.
The komodo dragon bites you! The centaur hits you.
The centaur hits you but does no damage.
The centaur hits you.
The centaur hits you but does no damage.
The komodo dragon barely misses you. The komodo dragon bites you!!
The centaur hits you but does no damage.
The iguana hisses menacingly.
The centaur hits you but does no damage.
The centaur hits you but does no damage. x2
The komodo dragon bites you!! The centaur hits you.
The komodo dragon hisses menacingly.
The komodo dragon bites you.
You die...

#...(........
#.<.)........
##...<.......
#(.(........
#..(........
##.((........
#...(..###...
#P...(..# P.
##...l@c#
#.<..clcc.....
##....ll...P.P
#.......##.P..
#......## ....
##...... ..
#...... .
.......


You could see 2 komodo dragons, a basilisk, 4 centaurs and an iguana.

Action                   |  1- 3 |  4- 6 |  7- 9 | 10-12 || total
-------------------------+-------+-------+-------+-------++-------
Melee: Quarterstaff      |    76 |   184 |   263 |   638 ||  1161
       Lajatang          |       |       |       |   207 ||   207
 Fire: Blowgun           |       |     9 |    21 |     3 ||    33
 Abil: Fly               |       |     2 |    10 |    13 ||    25
Evoke: Wand              |       |       |     1 |     3 ||     4
  Use: Scroll            |       |       |     9 |    19 ||    28
       Potion            |       |       |     2 |     2 ||     4
 Stab: Sleeping          |       |     2 |       |     4 ||     6
       Paralysed         |       |       |       |     3 ||     3
       Distracted        |       |       |       |     2 ||     2
  Eat: Chunk             |     2 |    11 |    13 |    22 ||    48
       Fruit             |       |       |     3 |     1 ||     4
       Pizza             |       |       |       |     1 ||     1

Notes
Turn   | Place    | Note
--------------------------------------------------------------
     0 | D:1      | Duffy the Tengu Gladiator began the quest for the Orb.
     0 | D:1      | Reached XP level 1. HP: 12/12 MP: 2/2
    58 | D:1      | Reached XP level 2. HP: 4/17 MP: 3/3
   338 | D:1      | Reached skill level 4 in Staves
  1025 | D:1      | Reached XP level 3. HP: 22/22 MP: 4/4
  1730 | D:2      | Reached skill level 3 in Fighting
  1730 | D:2      | Reached XP level 4. HP: 26/28 MP: 5/5
  2217 | D:2      | Found a burning altar of Makhleb.
  2580 | D:2      | Reached skill level 5 in Staves
  3054 | D:2      | Gained mutation: You can fly. [Tengu growth]
  3054 | D:2      | Reached XP level 5. HP: 32/32 MP: 6/6
  3058 | D:3      | Noticed Natasha
  3289 | D:3      | Noticed Jessica
  3290 | D:3      | Noticed a centaur
  3318 | D:3      | Killed Jessica
  3522 | D:3      | Killed a centaur
  3522 | D:3      | Reached skill level 4 in Fighting
  3522 | D:3      | Reached skill level 6 in Staves
  3522 | D:3      | Reached XP level 6. HP: 17/38 MP: 7/7
  4006 | D:3      | Found a shadowy altar of Dithmenos.
  4255 | D:4      | Noticed a slave
  4255 | D:4      | Noticed a slave
  4304 | D:4      | Noticed a slave
  4364 | D:2      | Killed a slave
  4598 | D:3      | Killed a slave
  4771 | D:3      | Killed Natasha
  5011 | D:4      | Noticed Pikel
  5017 | D:4      | Noticed a slave
  5052 | D:4      | Killed Pikel
  5052 | D:4      | Reached skill level 5 in Fighting
  5052 | D:4      | Reached skill level 7 in Staves
  5052 | D:4      | Reached XP level 7. HP: 10/45 MP: 4/8
  5338 | D:4      | Reached skill level 6 in Fighting
  5512 | D:4      | Reached XP level 8. HP: 51/51 MP: 9/9
  5759 | D:4      | Noticed Grinder
  5782 | D:5      | Entered Level 5 of the Dungeon
  5845 | D:4      | Killed Grinder
  5845 | D:4      | Reached skill level 8 in Staves
  5902 | D:4      | Noticed Edmund
  5936 | D:4      | Killed Edmund
  5936 | D:4      | Reached skill level 7 in Fighting
  6564 | D:4      | Found an ancient bone altar of Kikubaaqudgha.
  6956 | D:5      | Reached skill level 9 in Staves
  7040 | D:5      | Noticed Blork the orc
  7051 | D:5      | Killed Blork the orc
  7454 | D:5      | Reached XP level 9. HP: 56/59 MP: 8/10
  7518 | D:5      | Reached skill level 8 in Fighting
  7736 | D:5      | Reached skill level 4 in Dodging
  8279 | D:6      | Reached skill level 10 in Staves
  8436 | D:6      | Reached skill level 5 in Dodging
  8488 | D:6      | Noticed Crazy Yiuf
  8505 | D:6      | Killed Crazy Yiuf
  8589 | D:6      | You fall through a shaft for 3 floors!
  8735 | D:8      | Noticed a hill giant
  8797 | D:8      | Killed a hill giant
  8797 | D:8      | Reached skill level 6 in Dodging
  9162 | D:8      | Reached skill level 11 in Staves
  9179 | D:8      | Reached skill level 7 in Dodging
  9179 | D:8      | Reached XP level 10. HP: 62/64 MP: 11/11
  9231 | D:7      | Found a sand-covered staircase.
  9235 | Ossuary  | Entered an ossuary
  9236 | Ossuary  | Noticed Uberwunderbarhen's ghost (novice OpTm)
  9253 | Ossuary  | Killed Uberwunderbarhen's ghost
  9556 | D:6      | Found an opulent altar of Gozag.
  9815 | D:6      | Found Loocito's Armour Shop.
 10173 | D:6      | Reached skill level 12 in Staves
 10384 | D:6      | Found a staircase to the Ecumenical Temple.
 10393 | Temple   | Entered the Ecumenical Temple
 11106 | D:7      | Found a snail-covered altar of Cheibriados.
 11114 | D:7      | Became a worshipper of Cheibriados the Contemplative
 11476 | D:7      | Learned a level 3 spell: Regeneration
 11791 | D:8      | Reached skill level 13 in Staves
 12255 | D:8      | Reached * piety under Cheibriados
 12868 | D:9      | Reached skill level 8 in Dodging
 12889 | D:9      | Found Gonnufeb's Jewellery Shop.
 12927 | D:9      | Found a deep blue altar of Sif Muna.
 13025 | D:9      | Reached ** piety under Cheibriados
 13035 | D:9      | Reached XP level 11. HP: 68/68 MP: 12/12
 13110 | D:9      | Found a white marble altar of Elyvilon.
 13134 | D:9      | Found a radiant altar of Vehumet.
 13134 | D:9      | Found a stormy altar of Qazlal.
 13366 | D:9      | Reached skill level 14 in Staves
 13399 | D:9      | Found a radiant altar of Vehumet.
 13450 | D:9      | Reached skill level 1 in Invocations
 13515 | D:9      | Reached skill level 9 in Dodging
 13541 | D:9      | Found a staircase to the Lair.
 13822 | D:10     | Entered Level 10 of the Dungeon
 13837 | D:10     | Reached *** piety under Cheibriados
 13853 | D:10     | Reached skill level 2 in Invocations
 13896 | D:10     | Found a staircase to the Orcish Mines.
 14376 | D:10     | Reached skill level 3 in Invocations
 14403 | D:10     | Reached **** piety under Cheibriados
 14482 | D:10     | Found an oddly glowing altar of Pakellas.
 14929 | Lair:1   | Entered Level 1 of the Lair of Beasts
 14935 | Lair:1   | Reached ***** piety under Cheibriados
 14976 | Lair:1   | Reached skill level 4 in Invocations
 15038 | Lair:1   | Got an iridescent lajatang
 15039 | Lair:1   | Identified the +5 lajatang of Qazlal's Supremacy {freeze, rElec Str+3} (You acquired it on level 1 of the Lair of Beasts)
 15301 | Lair:1   | Noticed a four-headed hydra
 15314 | Lair:1   | Killed a four-headed hydra
 15548 | Lair:1   | Reached skill level 9 in Fighting
 15548 | Lair:1   | Reached skill level 5 in Invocations
 16029 | Lair:1   | Reached XP level 12. HP: 76/76 MP: 17/17
 16293 | Lair:2   | Reached skill level 10 in Dodging
 16307 | Lair:2   | Reached skill level 1 in Armour
 16309 | Lair:2   | Reached skill level 6 in Invocations
 16342 | Lair:2   | Reached skill level 2 in Armour
 16364 | Lair:2   | Found an oddly glowing altar of Pakellas.
 16677 | Lair:2   | Reached skill level 3 in Armour
 16869 | Lair:2   | Reached skill level 7 in Invocations
 16985 | Lair:2   | Reached ****** piety under Cheibriados
 17030 | Lair:2   | Reached skill level 8 in Invocations
 17563 | Lair:3   | Noticed an eight-headed hydra
 17570 | Lair:3   | Killed an eight-headed hydra
 17570 | Lair:3   | Reached skill level 1 in Spellcasting
 17570 | Lair:3   | Reached skill level 1 in Charms
 17570 | Lair:3   | Reached skill level 1 in Necromancy
 17695 | Lair:3   | Noticed a six-headed hydra
 17715 | Lair:3   | Killed a six-headed hydra
 17715 | Lair:3   | Reached skill level 2 in Necromancy
 17728 | Lair:3   | Slain by a komodo dragon

Vault maps used:
D:1:      moated_graveyard_arrival
D:2:      lemuel_round_altar
D:3:      lemuel_crystal_altar, first_bread, minmay_misc_feat_plants,
          uniq_natasha, uniq_jessica
D:4:      marbit_many_paths, st_stairs_8, uniq_grinder, uniq_pikel, uniq_edmund
D:5:      uniq_blork_the_orc
D:6:      minmay_temple_entry_nine_rooms, serial_shops, nicolae_shop_trees,
          nicolae_gozag_seed_capital, uniq_crazy_yiuf_cottage
D:7:      cheibriados_altar_1, nicolae_ossuary_entry_plus
D:9:      grunt_temple_overflow_open, lemuel_doored_altar, dpeg_oklobed_lair,
          basic_altar, serial_undead, serial_undead_d, serial_undead_c,
          serial_undead_b, serial_undead_c, serial_undead_a, serial_undead_b,
          serial_undead_c, serial_undead_c, serial_shops, shop, grunt_pizzeria
D:10:     erik_orc_3, basic_altar
Temple:   temple_eino_lava_12
Lair:1:   serial_bayou_lake_a
Lair:2:   basic_altar
Lair:3:   minmay_shoals_entry_centaurs, lemuel_fruit_tree
Ossuary:  ossuary_tomb_1

Vanquished Creatures
  3 hydras
  A hill giant Pikel
  The ghost of Uberwunderbarhen the Changer, a novice OpTm
  6 spiny frogs
  4 komodo dragons Grinder Edmund
  A spriggan
  A shadow
  A wyvern
  5 hippogriffs
  A hungry ghost
  24 yaks
  2 steam dragons
  A warg
  4 porcupines
  A water moccasin
  7 orc warriors
  A phantom
  2 sky beasts
  3 slaves
  3 ice beasts
  4 necrophages
  9 ogres
  8 centaurs
  3 crocodiles
  An elf zombie
  12 giant frogs Blork the orc
  A big kobold
  A wyvern zombie
  5 scorpions
  7 killer bees
  5 wights
  3 crimson imps
  6 centaur zombies
  2 giant frog zombies
  6 orc priests
  2 centaur skeletons
  9 hounds Crazy Yiuf
  2 jellies Jessica
  8 iguanas Natasha
  9 orc wizards
  5 worker ants
  A killer bee zombie
  2 hound zombies
  5 mummies
  4 worker ant zombies
  6 gnolls
  34 river rats
  17 adders
  2 shadow imps
  2 oozes
  2 adder zombies
  5 worms
  14 giant geckos
  43 orcs
  6 giant cockroaches
  10 goblins
  5 hobgoblins
  9 jackals
  3 quokkas
  A ball python
  A ball python skeleton
  8 bats
  A giant cockroach zombie
  A giant gecko skeleton
  5 giant newts
  3 goblin zombies
  8 hobgoblin zombies
  15 kobolds
  15 kobold zombies
  6 orc zombies
  2 quokka zombies
  4 rats
  A rat zombie
  A fungus
  A plant
  A withered plant
431 creatures vanquished.
